 Dungeon Crawl Stone Soup version 0.31-a0-1074-g0b22e4e0f1 (webtiles) character file.

Game seed: 5339776377191289144

32 lunkers the Ruffian (level 3, -4/28 HPs)
             Began as a Meteoran Shapeshifter on Nov 30, 2023.
             Succumbed to a gnoll's poison
             ... on level 2 of the Dungeon.
             The game lasted 00:01:01 (611 turns).

lunkers the Ruffian (Meteoran Shapeshifter)          Turns: 611, Time: 00:01:02

Health: -4/28      AC:  5    Str: 16    XL:     3   Next: 67%
Magic:  4/4        EV: 11    Int: 11    God:
Gold:   108        SH:  0    Dex: 15    Spells: 2/2 levels left

rFire   . .          .
                       - Unarmed
rCold   . . .        (no shield)
rNeg    . . .        g - +0 ring mail
rPois   .            (helmet currently unavailable)
rElec   .            (cloak currently unavailable)
rCorr   .            (gloves currently unavailable)
SInv    .            (boots currently unavailable)
Will    .....        (no amulet)
Stlth   +            (no ring)
HPRegen 0.24/turn    (no ring)
MPRegen 0.09/turn

%: no passive effects
@: lethally poisoned (-4 -> -29), beast-form, glowing
A: beast (slay +2), sense surroundings 1, otherworldly, glowing, explore regen
a: Begin Untransformation


You were on level 2 of the Dungeon.
You were a hulking beast.
You visited 1 branch of the dungeon, and saw 2 of its levels.

You collected 108 gold pieces.

Inventory:

Armour
 a - a +0 animal skin
 f - a +0 pair of boots
 g - a +0 ring mail (worn)
 i - a +0 pair of boots
Talismans
 c - a beast talisman
 d - a flux talisman
Scrolls
 h - a scroll of identify {unknown}
Potions
 b - a potion of lignification
 e - a potion of haste {unknown}


   Skills:
 - Level 1.1 Fighting
 - Level 2.1 Dodging
 * Level 4.7 Unarmed Combat
 + Level 4.1 Shapeshifting


You had 2 spell levels left.
You didn't know any spells.
Your spell library was empty.

Dungeon Overview and Level Annotations

Branches:
Dungeon (2/15) Zot: 593

Altars:


Innate Abilities, Weirdness & Mutations

You are a hulking beast.
Your limbs bulge with bestial killing power. (Slay +2)
You passively map a small area around you.
You are easily found by Zot.
You glow in the dark.
You regain HP and MP as you explore.


Message History

The kobold hits you but does no damage.
You punch the kobold!
You kill the kobold!
No target in view!
h - a scroll labelled OSTROU UCOOP No target in view!
A hobgoblin comes into view.
The hobgoblin shouts!
A gnoll comes into view. It is wielding a +0 halberd of venom.
You see here a viscous red potion.
The gnoll shouts!
A gnoll comes into view. It is wielding a +0 flail.
A gnoll comes into view. It is wielding a +0 club.
The gnoll shouts! x2
The hobgoblin closely misses you.
You hit the hobgoblin.
The hobgoblin is severely wounded.
The hobgoblin hits you.
You barely miss the hobgoblin.
The hobgoblin is severely wounded.
The gnoll closely misses you. The hobgoblin hits you.
You punch the hobgoblin!
You kill the hobgoblin!
The gnoll closely misses you.
The gnoll hits you with a +0 halberd of venom!
You are lethally poisoned!
You hit the gnoll.
The gnoll is moderately wounded.
* * * LOW HITPOINT WARNING * * *
You feel very sick. The gnoll closely misses you.
The gnoll barely misses you. x2
* * * LOW HITPOINT WARNING * * *
You feel very sick. The gnoll barely misses you.
The gnoll hits you from afar with a +0 halberd of venom.
* * * LOW HITPOINT WARNING * * *
You are more poisoned.
The gnoll attacks as it pursues you! The gnoll hits you with a +0 club!
* * * LOW HITPOINT WARNING * * *
You die...

..,..#.#
###.#........####
######.# #..........##*
, .....#.# ###.........#
, .....#.### #......#..#
, .........# ###...##..#
* ########.#
#.......#.#* ,........#
#.#.>...).# , ........#
#!#..##.### *,
,..).....# #h#..##.# ,
#######.#######.##.#...,
,
#.......#.....gg.#.###..
##.#######.####.g...#
*.## * ...#(..,, #.#####
*.# .........#, #. ..
.######### **#. * ....,
, , .., ##### *.~ *


You could see 3 gnolls.

Vanquished Creatures
  An adder (D:2)
  A dart slug (D:2)
  A ball python (D:2)
  2 endoplasms (D:1)
  2 goblins (D:1)
  4 hobgoblins
  4 kobolds
  A quokka (D:1)
  2 bats (D:1)
  A frilled lizard (D:1)
  3 rats
22 creatures vanquished.

Notes
Turn   | Place    | Note
-------+----------+-------------------------------------------
     0 | D:1      | lunkers the Meteoran Shapeshifter began the quest for the
                  | Orb.
     0 | D:1      | Reached XP level 1. HP: 16/16 MP: 2/2
    99 | D:1      | Reached XP level 2. HP: 19/23 MP: 3/3
   456 | D:2      | Reached XP level 3. HP: 28/28 MP: 4/4
   610 | D:2      | HP: 1/28 [gnoll/+0 club (7)]
   611 | D:2      | Succumbed to a gnoll's poison

Illustrated notes

Levels and vault maps discovered:
D:1:      amcnicky_arrival_flooded_fountain, layout_basic, nicolae_eternal_life,
          st_stairs_11, minivault_23
D:2:      layout_basic, hellmonk_ecumenical_altar_pennies_from_heaven

Skill      XL: |  1  2  3 |
---------------+----------+-----
Unarmed Combat | 4 |  4.7
Shapeshifting  | 4 |  4.1
Fighting       | |  1.1
Dodging        | |  2.1

Action                     || total
---------------------------++-------
  Melee: Unarmed           ||    54
    Use: Scroll            ||     2
 Armour: Animal skin       ||     2
         Ring mail         ||    22
  Dodge: Dodged            ||    37

Table legend: (Time is in decaauts)
 A = Elapsed time spent in this place.
 B = Non-inter-level travel time spent in this place.
 C = Inter-level travel time spent in this place.
 D = Time resting spent in this place.
 E = Time spent auto-exploring this place.
 F = Levels seen in this place.
 G = Mean time per level.
                   A        B        C        D        E       F      G
               +--------+--------+--------+--------+--------+-----+--------+
         Total |    606 |    606 |      0 |     30 |    379 |   2 |  303.0 |
       Dungeon |    606 |    606 |      0 |     30 |    379 |   2 |  303.0 |
               +--------+--------+--------+--------+--------+-----+--------+

Top non-repeatable levels by time:
     D:1: 434 daAuts
     D:2: 171 daAuts
